 Dungeon Crawl Stone Soup version 0.31-a0-841-g038b102fc3 (webtiles) character file.

Game seed: 9149504841101072960

97 Aneyh the Poker (level 4, -1/28 HPs)
             Began as a Tengu Monk on Sept 28, 2023.
             Slain by a gnoll
             ... wielding a +0 flail
              (6 damage)
             ... on level 4 of the Dungeon.
             The game lasted 00:02:48 (1940 turns).

Aneyh the Poker (Tengu Monk)                        Turns: 1940, Time: 00:02:49

Health: -1/28      AC:  2    Str: 14    XL:     4   Next: 68%
Magic:  5/5        EV: 13    Int: 10    God:
Gold:   194        SH:  0    Dex: 16    Spells: 3/3 levels left

rFire   . . .        v - +0 trident
rCold   . . .        (no shield)
rNeg    . . .        b - +0 robe
rPois   .            (helmet restricted)
rElec   .            (no cloak)
rCorr   .            (no gloves)
SInv    +            (boots unavailable)
Will    .....        (no amulet)
Stlth   +            l - ring of see invisible
HPRegen 0.24/turn    (no ring)
MPRegen 0.09/turn

%: acrobat
@: attractive
A: beak, talons 3, acrobatic
a: no special abilities


You were on level 4 of the Dungeon.
You visited 1 branch of the dungeon, and saw 4 of its levels.

You collected 194 gold pieces.

Inventory:

Hand Weapons
 a - a +0 spear
 u - a +0 battleaxe
 v - a +0 trident (weapon)
Armour
 b - a +0 robe (worn)
 d - an orb of light
 j - a +0 leather armour
 s - a +0 ring mail
Jewellery
 l - a ring of see invisible (left hand)
Scrolls
 e - a scroll of noise {unknown}
 f - 4 scrolls of identify {unknown}
 g - a scroll of vulnerability {unknown}
 h - 2 scrolls of fog {unknown}
 i - 2 scrolls of poison {unknown}
 k - 2 scrolls of amnesia {unknown}
 m - a scroll of enchant weapon {unknown}
 r - a scroll of immolation {unknown}
Potions
 o - a potion of enlightenment {unknown}
 p - a potion of heal wounds {unknown}
 q - a potion of invisibility {unknown}
 t - a potion of curing {unknown}
 w - a potion of brilliance {unknown}


   Skills:
 - Level 3.0 Fighting
 + Level 5.8 Polearms
 - Level 3.2 Dodging


You had 3 spell levels left.
You didn't know any spells.
Your spell library contained the following spells:

 Spells                   Type           Power      Damage    Failure   Level
 Tukima's Dance           Hex            0%         N/A       75%         3
 Passage of Golubria      Tloc           0%         N/A       98%         4
 Yara's Violent Unravell  Hex/Tmut       0%         3d3       100%        5


Dungeon Overview and Level Annotations

Branches:
Dungeon (4/15)
 Temple: D:4-7

Altars:

Shops:
D:4 *

Annotations:
D:4 Ijyb


Innate Abilities, Weirdness & Mutations

You have a beak for a mouth.
You have claws for feet.
You can magically evade attacks while moving or waiting.


Message History

Ijyb is lightly wounded.
The giant cockroach closely misses you. Ijyb hits you with a +0 dagger.
The gnoll closely misses you. The giant cockroach misses you.
You puncture Ijyb!
Ijyb is heavily wounded.
Ijyb hits you with a +0 dagger. The gnoll closely misses you.
The giant cockroach bites you.
You hit Ijyb.
Ijyb is severely wounded.
Ijyb hits you with a +0 dagger. The gnoll hits you with a +0 flail!
The giant cockroach bites you but does no damage.
You barely miss Ijyb. You peck Ijyb.
Ijyb is severely wounded.
The giant cockroach misses you. Ijyb hits you with a +0 dagger.
The gnoll barely misses you.
You bump into the rock wall.
The giant cockroach closely misses you. Ijyb closely misses you.
The gnoll hits you with a +0 flail. The giant cockroach barely misses you.
The gnoll hits you with a +0 flail! The giant cockroach misses you.
You feel less invigorated.
You feel less confused. Ijyb misses you.
Ijyb zaps a wand.
The mass of ice explodes!
The iceblast engulfs you!
* * * LOW HITPOINT WARNING * * *
The gnoll attacks as it pursues you! The gnoll barely misses you.
You barely miss the gnoll. The giant cockroach bites you.
* * * LOW HITPOINT WARNING * * *
The gnoll closely misses you.
You hit the gnoll but do no damage. The giant cockroach closely misses you.
The gnoll misses you.
You hit the gnoll.
The gnoll is lightly wounded.
The giant cockroach barely misses you.
A ball python comes into view.
The gnoll closely misses you.
The giant cockroach bites you but does no damage.
It was a potion of attraction.
You feel attractive to monsters. The gnoll hits you with a +0 flail.
You die...

#...###### #.........
#.........
.##############.........
........................
######..#######.........
##.# #......... #.#
#......... #@###
#......... ##gB.###
########## #.g....###
##........##
#...........
#..........#
#S....#.....#
#..[.......## ..
#...........# ..


You could see Ijyb, a gnoll, a giant cockroach and a ball python (wandering).

Vanquished Creatures
  3 adders
  A dart slug (D:1)
  4 orcs
  5 bats
  5 endoplasms
  7 giant cockroaches
  7 goblins
  6 hobgoblins
  A jackal (D:3)
  A quokka (D:1)
  6 ball pythons
  5 frilled lizards
  4 kobolds
  4 rats (D:1)
59 creatures vanquished.

Notes
Turn   | Place    | Note
-------+----------+-------------------------------------------
     0 | D:1      | Aneyh the Tengu Monk began the quest for the Orb.
     0 | D:1      | Reached XP level 1. HP: 14/14 MP: 2/2
   113 | D:1      | Reached XP level 2. HP: 19/19 MP: 3/3
   247 | D:1      | Reached skill level 4 in Polearms
   432 | D:1      | Reached XP level 3. HP: 23/23 MP: 4/4
   912 | D:2      | Reached skill level 5 in Polearms
  1279 | D:3      | Reached XP level 4. HP: 28/28 MP: 5/5
  1849 | D:4      | Found Biberof's CLEARANCE SALE!.
  1914 | D:4      | Noticed Ijyb
  1940 | D:4      | Slain by a gnoll

Illustrated notes

Levels and vault maps discovered:
D:1:      dpeg_arrival_pits, layout_basic, chequers_serial_rivers_micro_a,
          grunt_decor_clamped
D:2:      layout_basic, uniq_crazy_yiuf_cottage
D:3:      cheibrodos_helix_gallery, layout_basic, dreamdust_mushroom_princess
D:4:      minmay_skewed_foursquare, layout_basic,
          minmay_temple_entry_glassed_door, serial_shops,
          nicolae_shop_real_fake_doors, nicolae_shop_clearance, uniq_duvessa,
          uniq_ijyb, uniq_grinder

Skill      XL: |  1  2  3 |
---------------+----------+-----
Polearms       | 4 5 |  5.8
Fighting       | |  3.0
Dodging        | |  3.2

Action                     |  1- 3 |  4- 6 || total
---------------------------+-------+-------++-------
  Melee: Spear             |    79 |    61 ||   140
         Kick              |    20 |    14 ||    34
         Peck              |     7 |     8 ||    15
         Punch             |     1 |       ||     1
         Trident           |       |     9 ||     9
    Use: Potion            |       |     3 ||     3
   Stab: Sleeping          |     2 |     3 ||     5
         Distracted        |       |     1 ||     1
 Armour: Robe              |    21 |    32 ||    53
  Dodge: Dodged            |    44 |    42 ||    86

Table legend: (Time is in decaauts)
 A = Elapsed time spent in this place.
 B = Non-inter-level travel time spent in this place.
 C = Inter-level travel time spent in this place.
 D = Time resting spent in this place.
 E = Time spent auto-exploring this place.
 F = Levels seen in this place.
 G = Mean time per level.
                   A        B        C        D        E       F      G
               +--------+--------+--------+--------+--------+-----+--------+
         Total |   1922 |   1786 |    136 |     68 |   1287 |   4 |  480.5 |
       Dungeon |   1922 |   1786 |    136 |     68 |   1287 |   4 |  480.5 |
               +--------+--------+--------+--------+--------+-----+--------+

Top non-repeatable levels by time:
     D:1: 784 daAuts
     D:3: 554 daAuts
     D:2: 441 daAuts
     D:4: 142 daAuts
